 Dungeon Crawl Stone Soup version 0.17-a0-2208-ge5ab1d3 (webtiles) character file.

53 kae the Insei (level 3, 0/23 HPs)
             Began as an Octopode Transmuter on Oct 26, 2015.
             Slain by a worm (11 damage)
             ... on level 2 of the Dungeon.
             The game lasted 00:02:16 (2541 turns).

kae the Insei (Octopode Transmuter)                 Turns: 2541, Time: 00:02:16

Health: 0/23       AC:  1    Str: 12    XL:     3   Next: 89%
Magic:  3/6        EV: 12    Int: 15    God:
Gold:   80         SH:  0    Dex: 13    Spells: 2 memorised, 3 levels left

rFire  . . .     SeeInvis .       - Unarmed
rCold  . . .     Clarity  .     (no shield)
rNeg   . . .     SustAt   .     (helmet restricted)
rPois  .         Gourm    .     j - amulet of resist corrosion
rElec  .         Spirit   .     h - +3 ring of strength
rCorr  +         Warding  .     (no ring)
rMut   .         Stasis   .     (no ring)
MR     .....                    (no ring)
Stlth  ++........               (no ring)
                                (no ring)
                                (no ring)
                                (no ring)

@: appendage (expiring), not resistant to hostile enchantments, unstealthy
A: almost no armour, amphibious, 8 rings, constrict 8, tentacle spike 3,
camouflage 1, gelatinous body 1
a: End Transformation


You were on level 2 of the Dungeon.
You were not hungry.
One of your tentacles had a temporary spike.
You visited 1 branch of the dungeon, and saw 2 of its levels.

You collected 80 gold pieces.

Inventory:

Missiles
 a - 34 arrows
Jewellery
 h - a +3 ring of strength (left tentacle)
 j - an amulet of resist corrosion (around mantle)
Scrolls
 f - a scroll of remove curse {unknown}
 g - a scroll of immolation {unknown}
 l - a scroll of teleportation {unknown}
 n - a scroll of enchant armour {unknown}
 o - a scroll of recharging {unknown}
 q - a scroll of identify {unknown}
Potions
 d - a potion of flight {unknown}
 e - 3 potions of curing {unknown}
 i - a potion of beneficial mutation {unknown}
 k - a potion of ambrosia {unknown}
Books
 b - a book of Changes

   Spells                             Type                      Level
   a - Beastly Appendage              Transmutation                1
   b - Sticks to Snakes               Transmutation                2
   c - Spider Form                    Transmutation/Poison         3
   d - Ice Form                       Ice/Transmutation            4
   e - Blade Hands                    Transmutation                5
Comestibles
 c - a bread ration
 m - 2 fruits


   Skills:
 - Level 1.0 Fighting
 - Level 2.0 Dodging
 + Level 4.6 Unarmed Combat
 - Level 2.0 Spellcasting
 - Level 2.0 Transmutations


You had 3 spell levels left.
You knew the following spells:

 Your Spells              Type           Power        Failure   Level  Hunger
a - Beastly Appendage     Trmt           #.....       12%         1    #......
b - Sticks to Snakes      Trmt           #.........   14%         2    ###....


Dungeon Overview and Level Annotations

Branches:
Dungeon (2/15)

Altars:


Innate Abilities, Weirdness & Mutations

You cannot wear most types of armour.
You are amphibious.
You can wear up to eight rings at the same time.
You can use your tentacles to constrict eight enemies at once.
Your skin changes colour to match your surroundings (Stealth).
Your rubbery body absorbs attacks (AC +1).
One of your tentacles bears a large vicious spike.


Message History

Confirm with . or Enter, or press ? or * to list all spells.
One of your tentacles grows a vicious spike.
Wield which item (- for none, * to show all)? (? for menu, Esc to quit)
a - 35 arrows (in tentacle)
Casting: Beastly Appendage
Confirm with . or Enter, or press ? or * to list all spells.
You create a snake!
Your transformation is almost over.
The worm bites you!
Your adder bites the worm but does no damage.
Your adder bites the worm.
You are now empty-tentacled.
You barely miss the worm. You grab the worm. You constrict the worm.
Your adder bites the worm.
You tentacle-slap the worm but do no damage.
Your tentacle spike misses the worm.
The worm is moderately wounded.
You constrict the worm.
Your adder bites the worm.
The worm is poisoned.
Your adder poisons the worm!
The worm bites you!
You die...

..........# #.#
..........# #.#
..........# #.#
..........# #.#
..........######.##
######>........#..#
#########.#..#
#S##.### #.w@...#
#..#.#.# #..#.#.#
#..#.).# ...#####
.##.. #. ### #


You could see a worm and a friendly adder.

Vanquished Creatures
  A worm (D:2)
  3 giant geckos (D:1)
  A ball python (D:1)
  A giant cockroach (D:1)
  6 hobgoblins
  6 jackals
  7 bats
  4 giant newts
  5 goblins
  5 kobolds (D:1)
  7 rats
46 creatures vanquished.

Notes
Turn   | Place    | Note
--------------------------------------------------------------
     0 | D:1      | kae the Octopode Transmuter began the quest for the Orb.
     0 | D:1      | Reached XP level 1. HP: 13/13 MP: 3/3
   301 | D:1      | Reached XP level 2. HP: 6/18 MP: 5/5
   503 | D:1      | Learned a level 2 spell: Sticks to Snakes
   766 | D:1      | Reached skill level 4 in Unarmed Combat
   815 | D:1      | Reached XP level 3. HP: 19/23 MP: 6/6
  2541 | D:2      | Slain by a worm

Vault maps used:
D:1:      dpeg_arrival_tiny_a
D:2:      nicolae_overflow_hidden_temple

Action                   || total
-------------------------++-------
Melee: Unarmed           ||   119
 Cast: Beastly Appendage ||     4
       Sticks to Snakes  ||     1
 Stab: Sleeping          ||     5
  Eat: Chunk             ||     5
